 Dungeon Crawl Stone Soup version 0.31-a0-542-gdc2a67831c (webtiles) character file.

Game seed: 8156922796961870440

35 GloriousHammer the Sneak (level 3, -1/18 HPs)
             Began as a Vine Stalker Brigand on Aug 15, 2023.
             Slain by Terence
             ... wielding a +0 short sword
              (3 damage)
             ... on level 2 of the Dungeon.
             The game lasted 00:03:01 (1134 turns).

GloriousHammer the Sneak (Vine Stalker Brigand)     Turns: 1134, Time: 00:03:02

Health: -1/18      AC:  4    Str: 13    XL:     3   Next: 35%
Magic:  0/4        EV: 11    Int: 11    God:
Gold:   126        SH:  0    Dex: 17    Spells: 2/2 levels left

rFire   . . .        a - +2 dagger
rCold   . . .        (no shield)
rNeg    . . .        b - +0 robe
rPois   .            (no helmet)
rElec   .            g - +1 cloak
rCorr   .            (no gloves)
SInv    .            (no boots)
Will    .....        (no amulet)
Stlth   +++          (no ring)
HPRegen 0.23/turn    (no ring)
MPRegen 0.09/turn

%: guardian spirit
@: no status effects
A: fangs 2, magic shield, antimagic bite, no potion heal 2
a: no special abilities


You were on level 2 of the Dungeon.
You visited 1 branch of the dungeon, and saw 2 of its levels.

You collected 126 gold pieces.

Inventory:

Hand Weapons
 a - a +2 dagger (weapon)
Missiles
 d - 9 poisoned darts (quivered)
 e - 3 curare-tipped darts
 n - 15 stones
Armour
 b - a +0 robe (worn)
 c - a +0 cloak
 f - an orb of wrath
 g - a +1 cloak (worn)
Jewellery
 m - an amulet of reflection
Scrolls
 h - 2 scrolls of identify {unknown}
 l - a scroll of vulnerability {unknown}
 o - 4 scrolls of noise {unknown}
 p - a scroll of fog {unknown}
 s - a scroll of revelation {unknown}
 u - a scroll of brand weapon {unknown}
Potions
 i - a potion of berserk rage {unknown}
 j - a potion of ambrosia {unknown}
 k - 3 potions of attraction {unknown}
 q - a potion of invisibility {unknown}
 r - a potion of brilliance {unknown}
 t - 2 potions of enlightenment {unknown}


   Skills:
 - Level 1.7 Fighting
 * Level 2.8 Short Blades
 - Level 2.0 Throwing
 - Level 0.7 Dodging
 + Level 5.3 Stealth


You had 2 spell levels left.
You didn't know any spells.
Your spell library was empty.

Dungeon Overview and Level Annotations

Branches:
Dungeon (2/15)

Altars:

Shops:
D:2 [

Annotations:
D:2 1 runed translucent door, Crazy Yiuf, Terence


Innate Abilities, Weirdness & Mutations

You have extremely sharp teeth.
When hurt, damage is shared between your health and your magic reserves.
Your bite disrupts and absorbs the magic of your enemies.
Potions cannot restore your health.


Message History

You are poisoned.
The adder poisons you!
You feel sick. The adder bites you.
You hit the adder but do no damage.
The adder is heavily wounded.
You feel sick. The adder barely misses you.
You barely miss the adder.
The adder is heavily wounded.
You feel sick. The adder bites you but does no damage.
You hit the adder. Your bite misses the adder.
The adder is almost dead.
You feel sick. The adder bites you but does no damage.
You miss the adder. You bite the adder.
You kill the adder!
You feel sick.
You feel sick.
You feel sick.
You are no longer poisoned.
Magic restored.
HP restored.
o - 4 scrolls labelled YTEHAUSHYL (gained 2)
u - a scroll labelled QAOJONU XEOWKE Terence the Incautious comes into view.
He is wielding a +0 short sword.
Press: ? - help, . - travel You can't see that place. [the floor.] Terence looks scornfully at you.
You hit Terence but do no damage. Your punch misses Terence.
Terence hits you with a +0 short sword.
You hit Terence.
Terence is lightly wounded.
Terence closely misses you.
You closely miss Terence. You bite Terence, but do no damage.
Terence is lightly wounded.
Terence hits you with a +0 short sword.
You barely miss Terence.
Terence is lightly wounded.
Terence hits you with a +0 short sword.
You hit Terence but do no damage.
Terence is lightly wounded.
Terence barely misses you.
You hit Terence. You bite Terence. You drain his power.
You feel invigorated.
Terence is moderately wounded.
You hit Terence but do no damage. You bite Terence, but do no damage.
Terence is moderately wounded.
Terence hits you with a +0 short sword.
You hit Terence. You bite Terence. You drain his power.
You feel invigorated.
Terence is heavily wounded.
Terence misses you.
You hit Terence but do no damage. You bite Terence, but do no damage.
Terence is heavily wounded.
Terence hits you with a +0 short sword.
You hit Terence.
Terence is severely wounded.
Terence hits you with a +0 short sword.
* * * LOW HITPOINT WARNING * * *
You hit Terence but do no damage. You bite Terence, but do no damage.
Terence is severely wounded.
Terence hits you with a +0 short sword.
* * * LOW HITPOINT WARNING * * *
You hit Terence but do no damage. You bite Terence. You drain his power.
You feel invigorated.
Terence is severely wounded.
Terence hits you with a +0 short sword.
* * * LOW HITPOINT WARNING * * *
You barely miss Terence.
Terence is severely wounded.
You completely miss Terence. You bite Terence, but do no damage.
Terence is severely wounded.
Terence barely misses you.
You hit Terence but do no damage.
Terence is severely wounded.
Terence misses you.
You hit Terence but do no damage.
Terence is severely wounded.
Terence hits you with a +0 short sword.
Unknown command.
You hit Terence but do no damage.
Terence is severely wounded.
Terence hits you with a +0 short sword.
You hit Terence but do no damage.
Terence is severely wounded.
Terence barely misses you.
Unknown command.
You closely miss Terence.
Terence is severely wounded.
Terence hits you with a +0 short sword.
* * * LOW HITPOINT WARNING * * *
You closely miss Terence. You bite Terence, but do no damage.
Terence is severely wounded.
Terence hits you but does no damage.
You hit Terence. Your bite misses Terence.
Terence is almost dead.
You closely miss Terence. You bite Terence, but do no damage.
Terence is almost dead.
Terence barely misses you.
You hit Terence but do no damage.
Terence is almost dead.
Terence hits you with a +0 short sword.
You die...

### ..# #.#
#.# #.# #@#
#.###@####
#........#
#####.##.#
...##.#
######.#
##.##
##...##
##.....##
##.......##


You could see Terence.

Vanquished Creatures
  An adder (D:2)
  2 dart slugs (D:1)
  A ball python (D:1)
  An endoplasm (D:1)
  A giant cockroach (D:1)
  2 goblins (D:1)
  2 hobgoblins
  3 jackals (D:1)
  5 bats (D:1)
  A frilled lizard (D:1)
  A kobold (D:1)
  A rat (D:2)
21 creatures vanquished.

Notes
Turn   | Place    | Note
-------+----------+-------------------------------------------
     0 | D:1      | GloriousHammer the Vine Stalker Brigand began the quest for
                  | the Orb.
     0 | D:1      | Reached XP level 1. HP: 11/11 MP: 2/2
     3 | D:1      | Noticed an electric eel
     4 | D:1      | Noticed an electric eel
   163 | D:1      | Reached skill level 5 in Stealth
   163 | D:1      | Reached XP level 2. HP: 12/15 MP: 1/3
   660 | D:1      | Reached XP level 3. HP: 18/18 MP: 4/4
   818 | D:2      | Found Tohai's Antique Armour Emporium.
   850 | D:2      | Found a runed translucent door.
   851 | D:2      | Noticed Crazy Yiuf
  1108 | D:2      | Noticed Terence
  1134 | D:2      | Slain by Terence

Illustrated notes

Levels and vault maps discovered:
D:1:      arrival_aquarium_b, layout_basic,
          nicolae_concentric_dashed_squares_mild, amethyst_killhole, minivault_4
D:2:      layout_loops_corners, serial_shops, shop, grunt_decor_one_mirror,
          dk_vineyard_2, st_stairs_6, uniq_crazy_yiuf_cottage, uniq_terence,
          uniq_natasha

Skill      XL: |  1  2 |
---------------+-------+-----
Short Blades   | 2 |  2.8
Stealth        | 5 |  5.3
Throwing       | 2 |  2.0
Fighting       | |  1.7
Dodging        | |  0.7

Action                     || total
---------------------------++-------
  Melee: Dagger            ||    76
         Bite              ||    22
         Punch             ||     1
   Stab: Sleeping          ||     5
 Armour: Robe              ||    14
  Dodge: Dodged            ||    28

Table legend: (Time is in decaauts)
 A = Elapsed time spent in this place.
 B = Non-inter-level travel time spent in this place.
 C = Inter-level travel time spent in this place.
 D = Time resting spent in this place.
 E = Time spent auto-exploring this place.
 F = Levels seen in this place.
 G = Mean time per level.
                   A        B        C        D        E       F      G
               +--------+--------+--------+--------+--------+-----+--------+
         Total |   1125 |   1111 |     14 |      5 |    892 |   2 |  562.5 |
       Dungeon |   1125 |   1111 |     14 |      5 |    892 |   2 |  562.5 |
               +--------+--------+--------+--------+--------+-----+--------+

Top non-repeatable levels by time:
     D:1: 760 daAuts
     D:2: 364 daAuts
